 Dungeon Crawl Stone Soup version 0.30-a0-1163-gf69bf04e7a (webtiles) character file.

Game seed: 17013053771455731195

4294 Sobieck the Fighter (level 10, 0/111 HPs)
             Began as a Troll Cinder Acolyte on Apr 28, 2023.
             Was a High Priest of Ignis.
             Slain by a wight
             ... wielding a +5 spear
              (3 damage)
             ... on level 8 of the Dungeon.
             The game lasted 00:16:06 (7276 turns).

Sobieck the Fighter (Troll Cinder Acolyte)          Turns: 7276, Time: 00:16:07

Health: 0/111      AC:  7    Str: 28    XL:     10   Next: 11%
Magic:  10/10      EV: 14    Int: 10    God:    Ignis [*****.]
Gold:   463        SH:  0    Dex:  5    Spells: 11/11 levels left

rFire   + .          .
                       - Unarmed
rCold   . . .        A - orb {*Rage}
rNeg    . . .        N - +0 troll leather armour
rPois   .            (helmet restricted)
rElec   .            v - +0 cloak
rCorr   +            (gloves unavailable)
SInv    .            (boots unavailable)
Will    .....        y - amulet of the acrobat Stlth
                     f - ring of resist corrosion
HPRegen 1.98/turn    h - +5 ring of evasion
MPRegen 0.12/turn

%: random rage (20%), acrobat
@: confused, lethally poisoned (0 -> -15), on berserk cooldown, slowed, very
slow
A: large, unfitting armour, claws 3, regeneration 1, shaggy fur 1, tough skin 1
a: Renounce Religion, Fiery Armour, Foxfire Swarm, Rising Flame


You were on level 8 of the Dungeon.
You worshipped Ignis.
Ignis was extremely pleased with you.
You visited 2 branches of the dungeon, and saw 9 of its levels.
You also visited: Sewer.

You collected 463 gold pieces.


Innate Abilities, Weirdness & Mutations

You are too large for most types of armour.
You have claws for hands.
Your natural rate of healing is unusually fast.
You are covered in fur. (AC +1)
You have tough skin. (AC +1)


   Skills:
 * Level 10.3 Fighting
 - Level 1.0 Stealth
 + Level 9.0 Unarmed Combat
 - Level 1.0 Spellcasting
 - Level 2.1 Fire Magic


You had 11 spell levels left.
You didn't know any spells.
Your spell library contained the following spells:

 Spells                   Type           Power      Damage    Failure   Level
 Scorch                   Fire           8%         2d5       24%         2
 Volatile Blastmotes      Fire/Tloc      4%         2d10      58%         3
 Fulminant Prism          Conj/Hex       0%         3d5       98%         4
 Iskenderun's Mystic Bla  Conj/Tloc      0%         2d3       98%         4
 Lee's Rapid Deconstruct  Erth           0%         3d4*      100%        5

Inventory:

Hand Weapons
 t - the +4 morningstar of Piacreyp {heavy, rF- rN+++ Dex+4, mace}
   (You took it off an orc priest on level 6 of the Dungeon)

   Dex:       It affects your dexterity (+4).
   rF:        It makes you vulnerable to fire.
   rN:        It renders you almost immune to negative energy.
Missiles
 c - 63 stones {throwing}
 g - 13 poisoned darts (quivered) {throwing}
 G - a throwing net {=f!fthrowing}
 R - 2 atropa-tipped darts {throwing}
Armour
 a - a +0 robe
 i - a +0 robe
   (You found it on level 1 of the Dungeon)
 u - a +0 robe
   (You took it off an orc wizard on level 6 of the Dungeon)
 v - a +0 cloak (worn)
   (You found it on level 4 of the Dungeon)
 A - an orb of wrath (worn)
   (You found it on level 5 of the Dungeon)
 C - a +0 robe
   (You took it off Dowan on level 5 of the Dungeon)
 H - a +0 robe
   (You took it off Pikel on level 6 of the Dungeon)
 K - a +0 robe
   (You took it off a wight on level 8 of the Dungeon)
 L - a +0 robe
   (You took it off a wight on level 8 of the Dungeon)
 M - a +0 robe
   (You took it off an orc wizard on level 6 of the Dungeon)
 N - a +0 troll leather armour (worn)
   (You found it on level 7 of the Dungeon)
 O - +0 acid dragon scales
   (You took it off Maggie on level 7 of the Dungeon)
 Q - a +0 robe
   (You found it on level 7 of the Dungeon)
 S - a +0 robe
   (You took it off a wight on level 8 of the Dungeon)
Magical Staves
 d - a staff of fire {!astaff}
   (You found it on level 1 of the Dungeon)
 w - a staff of earth {!astaff}
   (You found it on level 5 of the Dungeon)
 B - a staff of earth {!astaff}
   (You found it on level 5 of the Dungeon)
Jewellery
 f - a ring of resist corrosion (left claw)
   (You found it on level 1 of the Dungeon)
 h - a +5 ring of evasion (right claw)
   (You found it on level 1 of the Dungeon)
 y - an amulet of the acrobat (around neck)
   (You found it on level 5 of the Dungeon)
 D - a ring of protection from fire
   (You found it on level 5 of the Dungeon)
 F - a ring of wizardry
   (You found it on level 6 of the Dungeon)
 T - a ring of protection from fire
   (You found it on level 8 of the Dungeon)
Wands
 s - a wand of iceblast (8)
   (You found it on level 6 of the Dungeon)
 I - a wand of paralysis (3)
   (You found it on level 6 of the Dungeon)
Scrolls
 b - 3 scrolls of teleportation {@r4}
 e - 2 scrolls of fog
 j - a scroll of poison {!r}
 o - a scroll of magic mapping {!r}
 p - 4 scrolls of immolation {!r!r}
 r - 3 scrolls of enchant armour
 x - a scroll of noise {!r}
Potions
 k - 2 potions of haste {@q3}
 l - 2 potions of heal wounds {@q2}
 m - 3 potions of lignification {!q}
 n - 2 potions of mutation {!q}
 q - 3 potions of attraction {!q}
 z - 2 potions of flight
 E - a potion of brilliance
 J - a potion of ambrosia {unknown}
 P - 2 potions of magic

Dungeon Overview and Level Annotations

Branches:
Dungeon (8/15) Zot: 25429  Temple (1/1) D:4 Zot: 5979   Sewer (visited)
   Lair: D:8-11

Altars:
Ashenzari
Cheibriados
Dithmenos
Elyvilon
Hepliaklqana
Makhleb
Nemelex Xobeh
Qazlal
Ru
Trog
Xom
The Shining One

,,,,,,,,,,......#.....##..###.###
,,,,,,~*~~~~~§§§#...........#....
,,,,,,,,~☼~.~.§§#...........#....
,,,,,,~~~§§...§§########....#....
,,,,,~,~,.§§....§☼○§☼§○#....#....
,,,,~~,,,§§○☼~..§§○§§§○#######..#
+*,,,,,,~§☼☼§z##zz○§§§§§.....#..#
,*,,,~,,,§§§☼§zh.o§☼○§☼§.....#...
,*,,~~~~~.~+...#@z§☼☼§○○.....'...
,*,,~~~*,.~≈.≈###+§§☼§#○.....#.##
,*,,,~~~~~♣~~.,,#..§☼§c§...###.##
,+,,,,*,,*#..,,,#.≈≈§§§§...#....#
,*,,,,*,,,#.,,,,#....§#§...#....#
,*,,,,+,,,+,,,,,#.....#....+....#
,+,,,,*,,,*,,,,,*,....#...,#+####
,*,,,,*****,,,,,*,,,,,*,,,,,,,***
,*,,,,*,,,*,,,,,+,,,,,*,,,,,,,+,,


You could see a centaur, a howler monkey, 5 wights and an orc.


Message History

You scratch the orc.
You feel very sick. The orc hits you with a +0 dagger.
The orc hits you with a +0 flail! The wight misses you.
The orc wizard barely misses you. Something hits you.
You are more poisoned.
The jelly closely misses you. The orc misses you. x2
You feel extremely sick. The orc wizard completely misses you.
The howler monkey hoots and howls with incredible vigour!
The jelly completely misses you. The orc barely misses you.
The orc throws a boomerang.
The orc wizard hits you but does no damage.
A wight comes into view. It is wielding a +0 hand axe.
You hear a shout!
Unknown command.
Really read
j - 2 scrolls of poison {!r}?
Really read the scroll of poison?
The air fills with toxic fumes!
As you read the scroll of poison {!r}, it crumbles to dust.
You feel very sick. Something hits you.
* * * LOW HITPOINT WARNING * * *
You are more poisoned.
The jelly hits you.
* * * LOW HITPOINT WARNING * * *
You are splashed with acid.
You resist.
* * * LOW HITPOINT WARNING * * *
The orc barely misses you.
The orc wizard hits you but does no damage.
The wight hits you from afar with a +5 spear.
* * * LOW HITPOINT WARNING * * *
You feel drained. The jelly barely misses you. Something hits you.
* * * LOW HITPOINT WARNING * * *
You are more poisoned.
The orc barely misses you.
Unknown command.
Unknown command.
You mangle the jelly!!
You kill the jelly!
You feel extremely sick.
The centaur wields a +0 shortbow.
The centaur shoots an arrow.
The arrow hits you.
* * * LOW HITPOINT WARNING * * *
The wight hits you from afar with a +5 spear!
* * * LOW HITPOINT WARNING * * *
A wight comes into view. It is wielding a +0 long sword.
Something barely misses you. The orc closely misses you.
Unknown command.
Unknown command.
You closely miss the orc wizard.
You feel very sick. The wight closely misses you.
The orc wizard hits you but does no damage.
Something hits you but does no damage.
You are more poisoned.
The orc hits you but does no damage. The orc closely misses you.
The orc wizard closely misses you.
You mangle the orc wizard!!
You kill the orc wizard!
You feel extremely sick.
The howler monkey hoots and howls with incredible vigour!
The centaur shoots an arrow.
The arrow barely misses you.
The arrow hits the orc!
The orc dies!
Something barely misses you. The orc hits you but does no damage.
Your life force feels restored.
Unknown command.
You barely miss the orc.
You feel very sick.
You hear some strange, mumbled words.
You are confused.
The centaur shoots an arrow.
The arrow hits you but does no damage. The orc hits you but does no damage.
The howler monkey hits you.
* * * LOW HITPOINT WARNING * * *
Something hits you but does no damage.
You are more poisoned.
The orc closely misses you.
Danger!
You completely miss something.
You feel very sick.
The howler monkey completely misses you.
The wight misses you. The wight completely misses you.
Something hits you but does no damage.
You are more poisoned.
The howler monkey hits you.
* * * LOW HITPOINT WARNING * * *
The orc hits you with a +0 dagger.
* * * LOW HITPOINT WARNING * * *
Unknown command.
You barely miss the orc.
* * * LOW HITPOINT WARNING * * *
You feel very sick. The wight hits you but does no damage.
The howler monkey misses you. The wight hits you but does no damage.
Something hits you.
* * * LOW HITPOINT WARNING * * *
You are more poisoned.
The orc misses you.
The wight hits you from afar with a +5 spear.
You die...

Skill      XL: |  1  2  3  4  5  6  7  8  9 10 |
---------------+-------------------------------+-----
Fighting       | 3 4 5 6 8 10 | 10.3
Stealth        | 1 |  1.0
Unarmed Combat | 4 5 6 7 8 9 |  9.0
Spellcasting   | |  1.0
Fire Magic     | |  2.1

Action                     |  1- 3 |  4- 6 |  7- 9 | 10-12 || total
---------------------------+-------+-------+-------+-------++-------
  Melee: Unarmed           |   102 |   116 |   258 |    19 ||   495
         Punch             |     1 |     2 |     1 |       ||     4
  Throw: Dart              |       |       |     3 |       ||     3
 Invoke: Fiery Armour      |     1 |       |       |       ||     1
         Foxfire Swarm     |       |     1 |       |       ||     1
    Use: Scroll            |       |     9 |    13 |     1 ||    23
 Armour: Robe              |    26 |    27 |    21 |       ||    74
         Troll leather arm |       |       |     3 |    18 ||    21
  Dodge: Dodged            |    81 |    84 |   122 |    37 ||   324

Levels and vault maps discovered:
D:1:      onia_arrival_pentagram, layout_loops_ring, reono_crystal_passage,
          hangedman_decor_clover_reticule
D:2:      minmay_chambers_of_ones, layout_loops_cross,
          hangedman_decor_peaks_small
D:3:      layout_basic, mainiacjoe_overflow_concentric_impassable,
          portal_sewer_entry_e, uniq_grinder
D:4:      layout_basic, nicolae_overflow_crystal_walls,
          mainiacjoe_overflow_brackets, minmay_temple_entry_gardened_gates,
          kennysheep_generic_room_10, uniq_natasha
D:5:      layout_rooms, kennysheep_mini_moat, kennysheep_generic_room_5,
          uniq_edmund, uniq_menkaure, uniq_duvessa
D:6:      layout_loops_corners, grunt_ministairs_12, uniq_pikel
D:7:      layout_basic, overflow_temple_1_default,
          mainiacjoe_overflow_tiny_flanked, kennysheep_cross_room, uniq_maggie
D:8:      layout_gridville, grunt_gozag_statues, zin_purify,
          chequers_temple_overflow_minitemple, serial_rivers,
          chequers_serial_rivers_room_b, chequers_serial_rivers_marsh,
          chequers_serial_rivers_micro_d, chequers_serial_rivers_micro_a,
          chequers_serial_rivers_micro_a, chequers_serial_rivers_micro_d,
          serial_shops, nicolae_shop_real_fake_doors, minmay_holes,
          uniq_prince_ribbit1
Temple:   nicolae_temple_stand_before_the_council

Notes
Turn   | Place    | Note
-------+----------+-------------------------------------------
     0 | D:1      | Sobieck the Troll Cinder Acolyte began the quest for the
                  | Orb.
     0 | D:1      | Reached XP level 1. HP: 22/22 MP: 1/1
   130 | D:1      | Reached XP level 2. HP: 28/29 MP: 2/2
   426 | D:1      | Reached skill level 3 in Fighting
   452 | D:1      | Reached XP level 3. HP: 37/37 MP: 3/3
   871 | D:1      | Reached XP level 4. HP: 43/45 MP: 4/4
   890 | D:1      | Reached skill level 1 in Stealth
  1386 | D:3      | Found a snail-covered altar of Cheibriados.
  1411 | D:3      | Reached XP level 5. HP: 45/54 MP: 5/5
  1720 | D:3      | Reached skill level 4 in Fighting
  1720 | D:3      | Reached skill level 4 in Unarmed Combat
  1875 | D:3      | Found a glowing drain.
  1880 | Sewer    | Entered a sewer
  1929 | Sewer    | Noticed Pargi
  1941 | Sewer    | Killed Pargi
  1942 | Sewer    | Reached XP level 6. HP: 49/63 MP: 6/6
  2210 | D:3      | Noticed Grinder
  2215 | D:3      | Killed Grinder
  2216 | D:3      | Reached skill level 5 in Fighting
  2490 | D:4      | Found a sparkling altar of Nemelex Xobeh.
  2656 | D:4      | Reached skill level 5 in Unarmed Combat
  2656 | D:4      | Reached XP level 7. HP: 72/72 MP: 7/7
  2966 | D:4      | Noticed Natasha
  2972 | D:4      | Killed Natasha
  2977 | D:4      | Found a broken altar of Ashenzari.
  2993 | D:4      | Found a staircase to the Ecumenical Temple.
  3218 | Temple   | Entered the Ecumenical Temple
  3430 | D:5      | Entered Level 5 of the Dungeon
  3459 | D:5      | Noticed Dowan
  3459 | D:5      | Noticed Duvessa
  3546 | D:5      | Found a white marble altar of Elyvilon.
  3667 | D:4      | Noticed Natasha
  3676 | D:4      | Killed Natasha
  3677 | D:4      | Reached skill level 6 in Fighting
  3726 | D:5      | Noticed Edmund
  3751 | D:5      | Killed Edmund
  3886 | D:5      | Reached skill level 6 in Unarmed Combat
  3886 | D:5      | Reached XP level 8. HP: 84/84 MP: 8/8
  4021 | D:5      | Reached skill level 7 in Fighting
  4198 | D:5      | Killed Dowan
  4227 | D:5      | Killed Duvessa
  4291 | D:5      | Noticed Menkaure
  4304 | D:5      | Killed Menkaure
  4305 | D:5      | Reached skill level 8 in Fighting
  4305 | D:5      | Reached skill level 7 in Unarmed Combat
  4728 | D:6      | Identified the +4 morningstar of Piacreyp {heavy, rF- rN+++
                  | Dex+4}
  4778 | D:6      | You pick up a book of Blasting and begin reading...
  4778 | D:6      | You add the spells Volatile Blastmotes, Fulminant Prism,
                  | Iskenderun's Mystic Blast and Lee's Rapid Deconstruction to
                  | your library.
  4815 | D:6      | Reached XP level 9. HP: 97/97 MP: 9/9
  5376 | D:6      | Noticed Pikel
  5388 | D:6      | Killed Pikel
  5389 | D:6      | Reached skill level 9 in Fighting
  5389 | D:6      | Reached skill level 8 in Unarmed Combat
  5698 | D:6      | You fall into a shaft and drop 2 floors!
  6153 | D:7      | Noticed Maggie
  6168 | D:7      | Killed Maggie
  6387 | D:7      | Found a stormy altar of Qazlal.
  6533 | D:7      | Reached skill level 10 in Fighting
  6836 | D:7      | Found a hazy altar of Hepliaklqana.
  6895 | D:7      | Reached XP level 10. HP: 107/110 MP: 10/10
  7257 | D:8      | Reached skill level 9 in Unarmed Combat
  7271 | D:8      | HP: 26/109 [wight/+5 spear (8)]
  7275 | D:8      | HP: 11/111 [poisoned by an orc wizard]
  7276 | D:8      | HP: 5/111 [poisoned by an orc wizard]
  7276 | D:8      | Slain by a wight

Vanquished Creatures
  Pikel (D:6)
  Maggie (D:7)
  A troll (D:8)
  Grinder (D:3)
  Edmund (D:5)
  Menkaure (D:5)
  Duvessa (D:5)
  2 water moccasins (D:7)
  Pargi (Sewer)
  3 sky beasts
  2 ice beasts (D:6)
  A black bear (D:5)
  2 ogres
  7 bullfrogs
  6 scorpions
  3 wights (D:8)
  Dowan (D:5)
  2 hounds (D:5)
  4 jellies
  3 orc priests (D:6)
  5 iguanas
  3 orc wizards
  Natasha (twice) (D:4)
  13 gnolls
  3 adders
  A shadow imp (D:7)
  A white imp (D:5)
  2 ufetubi
  3 worms
  4 dart slugs
  18 orcs
  10 ball pythons
  8 endoplasms
  5 giant cockroaches
  8 hobgoblins
  12 jackals
  8 kobolds
  3 quokkas
  5 bats
  3 frilled lizards
  5 goblins
  6 rats
172 creatures vanquished.

Vanquished Creatures (others)
  An orc (D:8)
  16 foxfires (D:3)
17 creatures vanquished.

Grand Total: 189 creatures vanquished

Table legend:
 A = Non-vault XP
 B = Vault XP
 C = Vault XP percentage of total XP
 D = Non-vault monster count
 E = Vault monster count
 F = Vault count percentage of total count
                 A         B        C        D         E       F
            +---------+---------+-------+---------+---------+-------
      Total |    4017 |    2118 |  34.5 |     150 |      23 |  13.3
            +---------+---------+-------+---------+---------+-------
        D:1 |      87 |       0 |   0.0 |      29 |       0 |   0.0
        D:2 |      58 |       7 |  10.8 |      17 |       5 |  22.7
        D:3 |      91 |     262 |  74.2 |      16 |       1 |   5.9
        D:4 |     220 |      33 |  13.0 |      21 |       1 |   4.5
        D:5 |     997 |     650 |  39.5 |      20 |       7 |  25.9
        D:6 |     936 |     624 |  40.0 |      25 |       3 |  10.7
        D:7 |     937 |     398 |  29.8 |      14 |       1 |   6.7
        D:8 |     691 |       0 |   0.0 |       8 |       0 |   0.0
      Sewer |       0 |     144 | 100.0 |       0 |       5 | 100.0
            +---------+---------+-------+---------+---------+-------

Skill      XL: |  1  2  3  4  5  6  7  8  9 10 |
---------------+-------------------------------+-----
Fighting       | 3 4 5 6 8 10 | 10.3
Stealth        | 1 |  1.0
Unarmed Combat | 4 5 6 7 8 9 |  9.0
Spellcasting   | |  1.0
Fire Magic     | |  2.1

Action                     |  1- 3 |  4- 6 |  7- 9 | 10-12 || total
---------------------------+-------+-------+-------+-------++-------
  Melee: Unarmed           |   102 |   116 |   258 |    19 ||   495
         Punch             |     1 |     2 |     1 |       ||     4
  Throw: Dart              |       |       |     3 |       ||     3
 Invoke: Fiery Armour      |     1 |       |       |       ||     1
         Foxfire Swarm     |       |     1 |       |       ||     1
    Use: Scroll            |       |     9 |    13 |     1 ||    23
 Armour: Robe              |    26 |    27 |    21 |       ||    74
         Troll leather arm |       |       |     3 |    18 ||    21
  Dodge: Dodged            |    81 |    84 |   122 |    37 ||   324

Illustrated notes

Table legend:
 A = Kills in this place as a percentage of kills in the entire game.
 B = Kills by you in this place as a percentage of kills by you in the entire game.
 C = Kills by friends in this place as a percentage of kills by friends in the entire game.
 D = Other kills in this place as a percentage of other kills in the entire game.
 E = Experience gained in this place as a percentage of experience gained in the entire game.
 F = Experience gained in this place divided by the number of levels of this place that you have seen.
                   A       B       C       D       E      F
               +-------+-------+-------+-------+-------+----------------------
         Total | 100.0 | 100.0 |   N/A | 100.0 | 100.0 | 613.5
       Dungeon |  97.1 |  97.1 |   N/A | 100.0 |  97.7 | 748.9
         Sewer |   2.9 |   2.9 |   N/A |   0.0 |   2.3 | 144.0
               +-------+-------+-------+-------+-------+----------------------

Table legend: (Time is in decaauts)
 A = Elapsed time spent in this place.
 B = Non-inter-level travel time spent in this place.
 C = Inter-level travel time spent in this place.
 D = Time resting spent in this place.
 E = Time spent auto-exploring this place.
 F = Levels seen in this place.
 G = Mean time per level.
                   A        B        C        D        E       F      G
               +--------+--------+--------+--------+--------+-----+--------+
         Total |   7389 |   6995 |    394 |    763 |   4504 |  10 |  738.9 |
       Dungeon |   7211 |   6827 |    384 |    763 |   4501 |   8 |  901.4 |
        Temple |     20 |     11 |      9 |      0 |      3 |   1 |   20.0 |
         Sewer |    156 |    156 |      0 |      0 |      0 |   1 |  156.0 |
               +--------+--------+--------+--------+--------+-----+--------+

Top non-repeatable levels by time:
     D:7: 1313 daAuts
     D:6: 1248 daAuts
     D:4: 1170 daAuts
     D:5: 1092 daAuts
     D:3: 842 daAuts
     D:2: 754 daAuts
     D:1: 650 daAuts
   Sewer: 156 daAuts
     D:8: 140 daAuts
  Temple: 20 daAuts
